 Dungeon Crawl Stone Soup version 0.29.1-15-g9cfb28693d (webtiles) character file.

Game seed: 13447400883833703251

34 monsoonserge the Sneak (level 3, -11/36 HPs)
             Began as a Troll Delver on Apr 28, 2023.
             Mangled by an ice beast (12 damage)
             ... on level 6 of the Dungeon.
             The game lasted 00:01:06 (95 turns).

monsoonserge the Sneak (Troll Delver)                 Turns: 95, Time: 00:01:06

Health: -11/36     AC:  4    Str: 22    XL:     3   Next: 14%
Magic:  2/2        EV: 10    Int:  6    God:
Gold:   29         SH:  0    Dex: 11    Spells: 2/2 levels left

rFire   . . .      SeeInvis .     - Unarmed
rCold   . . .      Faith    .   (no shield)
rNeg    . . .      Spirit   .   a - +0 robe
rPois   .          Reflect  .   (helmet restricted)
rElec   .          Harm     .   (no cloak)
rCorr   .          Rampage  .   (gloves unavailable)
Will    .....                   (boots unavailable)
Stlth   ++........              (no amulet)
HPRegen 0.92/turn               (no ring)
MPRegen 0.08/turn               (no ring)

@: no status effects
A: large, unfitting armour, claws 3, regeneration 1, shaggy fur 1, tough skin 1
a: no special abilities


You were on level 6 of the Dungeon.
You visited 1 branch of the dungeon, and saw 2 of its levels.

You collected 29 gold pieces.

Inventory:

Armour
 a - a +0 robe (worn)
Wands
 f - a wand of digging (3)
Scrolls
 b - a scroll of fog
 d - a scroll of fear
 g - a scroll of identify {unknown}
Potions
 e - a potion of haste


   Skills:
 + Level 2.7 Fighting
 + Level 2.0 Dodging
 - Level 3.0 Stealth
 + Level 2.3 Unarmed Combat


You had 2 spell levels left.
You didn't know any spells.
Your spell library contained the following spells:

 Spells                   Type           Power      Damage    Failure   Level
 Ensorcelled Hibernation  Hex/Ice        0%         N/A       58%         2
 Spider Form              Tmut/Pois      0%         N/A       83%         3
 Anguish                  Hex/Necr       0%         N/A       99%         4


Dungeon Overview and Level Annotations

Branches:
Dungeon (6/15)
 Temple: D:4-7

Altars:


Innate Abilities, Weirdness & Mutations

You are too large for most types of armour.
You have claws for hands.
Your natural rate of healing is unusually fast.
You are covered in fur. (AC +1)
You have tough skin. (AC +1)


Message History

You completely miss the white imp.
The white imp is moderately wounded.
The white imp gestures at you. The puff of frost hits you!
You scratch the white imp.
The white imp is heavily wounded.
The white imp hits you. The white imp freezes you.
* * * LOW HITPOINT WARNING * * *
You scratch the white imp.
You kill the white imp!
You scratch the adder.
The adder is heavily wounded.
The adder barely misses you.
You closely miss the adder.
The adder is heavily wounded.
The adder bites you but does no damage. x2
You claw the adder!
You kill the adder!
Your Dodging skill increases to level 2!
You have reached level 3!
Your experience leads to an increase in your attributes!
Increase (S)trength, (I)ntelligence, or (D)exterity?
Uppercase letters only, please.
You feel stronger. x3
You scratch the ice beast.
The ice beast is lightly wounded.
The ice beast hits you but does no damage.
You scratch the ice beast.
The ice beast is lightly wounded.
The ice beast hits you. The ice beast freezes you!
* * * LOW HITPOINT WARNING * * *
You scratch the ice beast.
The ice beast is moderately wounded.
The ice beast closely misses you.
You barely miss the ice beast.
The ice beast is moderately wounded.
The ice beast hits you.
* * * LOW HITPOINT WARNING * * *
The ice beast freezes you!
You die...

#............ .#
#............ .#
#........... .#
#..<......# .##
#.........# ..##
#.........# ...
#.........#####.###
#............@Y...#
#.........#####...#
#.....<....#
#.(....
##.......#.# .##...
##.....##.# . ..
##..### .. .. .
....# #.. .. ...#.
#.. #.. #..##..


You could see an ice beast.

Vanquished Creatures
  2 adders
  A shadow imp (D:5)
  A white imp (D:6)
4 creatures vanquished.

Notes
Turn   | Place    | Note
-------+----------+-------------------------------------------
     0 | D:5      | monsoonserge the Troll Delver began the quest for the Orb.
     0 | D:5      | Reached XP level 1. HP: 22/22 MP: 0/0
    23 | D:5      | Reached skill level 3 in Stealth
    23 | D:5      | Reached XP level 2. HP: 26/29 MP: 1/1
    85 | D:6      | Noticed an ice beast
    92 | D:6      | Reached XP level 3. HP: 12/36 MP: 2/2
    93 | D:6      | HP: 1/36 [ice beast (11)]
    95 | D:6      | Mangled by an ice beast

Illustrated notes

Levels and vault maps discovered:
D:5:      cheibrodos_barr_body, layout_rooms
D:6:      layout_rooms, nicolae_uskayaw_murder_on_the_dancefloor,
          minmay_temple_entry_large_hall

Skill      XL: |  1  2 |
---------------+-------+-----
Stealth        | 3 |  3.0
Dodging        | 2 |  2.0
Fighting       | |  2.7
Unarmed Combat | |  2.3

Action                   || total
-------------------------++-------
Melee: Unarmed           ||    30
  Use: Scroll            ||     1
Armor: Robe              ||     8
Dodge: Dodged            ||    12
